 Dungeon Crawl Stone Soup version 0.26.1-11-gd32895ea62 (webtiles) character file.

Game seed: 15151957900787536301

100 dtburroughs the Skirmisher (level 4, 0/41 HPs)
             Began as a Minotaur Berserker on July 7, 2021.
             Was a Believer of Trog.
             Slain by an orc wizard
             ... wielding a +0 dagger
              (3 damage)
             ... on level 3 of the Dungeon.
             The game lasted 00:01:59 (1746 turns).

dtburroughs the Skirmisher (Minotaur Berserker)     Turns: 1746, Time: 00:02:00

Health: 0/41       AC:  2    Str: 22    XL:     4   Next: 47%
Magic:  3/3        EV: 13    Int:  5    God:    Trog [**....]
Gold:   81         SH:  0    Dex:  9    Spells: 3/3 levels left

rFire    . . .     SeeInvis .   a - +0 hand axe
rCold    . . .     Faith    .   (no shield)
rNeg     . . .     Spirit   .   b - +0 animal skin
rPois    .         Reflect  .   (helmet restricted)
rElec    .         Harm     .   (no cloak)
rCorr    .         Rampage  .   (no gloves)
Will     .....                  (no boots)
Stlth    +.........             (no amulet)
HPRegen  0.13/turn              (no ring)
MPRegen  0.08/turn              (no ring)

@: no status effects
A: retaliatory headbutt, horns 2
a: Renounce Religion, Berserk, Trog's Hand


You were on level 3 of the Dungeon.
You worshipped Trog.
Trog was pleased with you.
You visited 1 branch of the dungeon, and saw 3 of its levels.

You collected 81 gold pieces.

Inventory:

Hand Weapons
 a - a +0 hand axe (weapon)
Armour
 b - a +0 animal skin (worn)
Scrolls
 e - 6 scrolls of identify {unknown}
 g - a scroll of blinking {unknown}
 h - a scroll of enchant armour {unknown}
 j - a scroll of fear {unknown}
 k - a scroll of enchant weapon {unknown}
 l - a scroll of magic mapping {unknown}
Potions
 c - a potion of invisibility {unknown}
 d - a potion of mutation {unknown}
 f - a potion of heal wounds {unknown}
 i - a potion of degeneration {unknown}
 m - a potion of might {unknown}


   Skills:
 + Level 4.5 Fighting
 + Level 4.4 Axes
 + Level 3.5 Armour
 + Level 3.2 Dodging


You had 3 spell levels left.
You didn't know any spells.
Your spell library was empty.

Dungeon Overview and Level Annotations

Branches:
Dungeon (3/15)

Altars:


Innate Abilities, Weirdness & Mutations

You reflexively headbutt those who attack you in melee.
You have a pair of horns on your head.


Message History

You slash something! Trog accepts your kill.
Trog appreciates your killing of a magic user.
Reactivating autopickup.
You feel a bit more experienced.
You hit the orc wizard but do no damage.
The orc wizard closely misses you. The orc wizard casts a spell at you.
The puff of flame misses you.
You hit the orc wizard.
The orc wizard is moderately wounded.
The orc wizard hits you with a +0 dagger.
* * * LOW HITPOINT WARNING * * *
You miss the orc wizard. Your headbutt misses the orc wizard.
The orc wizard is moderately wounded.
Your skin stops crawling.
You feel less strong-willed.
The orc wizard hits you with a +0 dagger.
* * * LOW HITPOINT WARNING * * *
The orc wizard hits you with a +0 dagger.
You die...

#. #..
### #..
#... #...
##..#
#...
#.>.#
#...##..#
#.$.†@).#
#....)o.#
#....<..#
#########


You could see an orc wizard (fast).

Vanquished Creatures
  An orc wizard (D:3)
  An adder (D:2)
  An adder zombie (D:2)
  3 dart slugs
  3 leopard geckos
  An orc (D:3)
  3 giant cockroaches
  4 goblins
  5 hobgoblins
  6 jackals
  A ball python (D:2)
  5 bats (D:1)
  5 frilled lizards
  6 kobolds
  4 rats
49 creatures vanquished.

Notes
Turn   | Place    | Note
-------+----------+-------------------------------------------
     0 | D:1      | dtburroughs the Minotaur Berserker began the quest for the
                  | Orb.
     0 | D:1      | Reached XP level 1. HP: 19/19 MP: 0/0
    73 | D:1      | Reached XP level 2. HP: 27/27 MP: 1/1
   921 | D:1      | Reached XP level 3. HP: 33/33 MP: 2/2
   924 | D:1      | Reached ** piety under Trog
  1692 | D:2      | Reached XP level 4. HP: 41/41 MP: 3/3
  1746 | D:3      | Slain by an orc wizard

Illustrated notes

Levels and vault maps discovered:
D:1:      mrwooster_arrival_statue_3, layout_rooms, skrybe_limestone_x,
          serial_park_tiny_pond
D:2:      layout_rooms
D:3:      minmay_chambers_of_twos, layout_rooms, dancing_weapons_uskayaw,
          chequers_serial_rivers_micro_a, corexii_item_surrounded_by_moat,
          tgw_sif, uniq_natasha

Skill      XL: |  1  2  3 |
---------------+----------+-----
Fighting       | 4 |  4.5
Axes           | 4 |  4.4
Armour         | 3 |  3.5
Dodging        | 3 |  3.2

Action                   |  1- 3 |  4- 6 || total
-------------------------+-------+-------++-------
Melee: Hand axe          |    91 |    11 ||   102
       Headbutt          |    12 |     1 ||    13
Invok: Trog's Hand       |       |     1 ||     1
Armor: Animal skin       |    14 |     1 ||    15
Dodge: Dodged            |    82 |     5 ||    87
